Map: Catalyst LE

Players

Maplez - Winner!

  • Race: Protoss Protoss
  • League: Grandmaster
  • Spawn Location: 11:00

starkiller

  • Race: Zerg Zerg
  • League: Master
  • Spawn Location: 5:00

VOD

Have the link to the VOD?

Description

Time

  • Played on: April 14, 2018, 3:04 p.m.
  • Length: 12:23
Show
View Real Time Build Order
Export as new Build Order

Maplez Protoss - Winner!

Build Orders: Zealot Archon 

Get SALT Encoding   

  12  0:00  Probe  
  13  0:12  Probe  
  14  0:17  Pylon  
  14  0:24  Probe (Chrono Boost)  
  15  0:37  Probe (Chrono Boost)  
  15  0:39  Gateway  
  16  0:45  Probe (Chrono Boost)  
  16  0:48  Assimilator  
  17  0:51  Probe  
  18  1:05  Gateway  
  18  1:10  Probe  
  19  1:22  Probe  
  20  1:29  Cybernetics Core  
  20  1:38  Probe  
  21  1:40  Zealot  
  23  1:49  Pylon  
  23  2:07  Probe  
  23  2:08  Adept x2 (Chrono Boost)  
  28  2:19  Probe  
  28  2:21  Assimilator  
  29  2:27  Adept  
  31  2:45  Pylon  
  31  2:46  Warp Gate (Chrono Boost)  
  31  3:06  Adept  
  31  3:07  Adept  
  35  3:22  Stargate  
  31  3:56  Probe  
  30  4:07  Shield Battery  
  30  4:08  Oracle (Chrono Boost), Pylon  
  31  4:24  Nexus  
  31  4:29  Probe  
  32  4:40  Phoenix  
  32  4:41  Probe  
  35  4:53  Probe  
  32  5:05  Probe  
  33  5:10  Adept x2  
  39  5:15  Robotics Facility  
  39  5:18  Probe  
  40  5:23  Twilight Council  
  38  5:30  Probe  
  38  5:35  Gateway x2  
  39  5:39  Probe  
  39  5:42  Probe  
  41  5:51  Probe, Adept x2  
  46  6:11  Charge (Chrono Boost)  
  46  6:15  Probe, Adept x2  
  46  6:16  Warp Prism  
  49  6:20  Templar Archives  
  49  6:26  Probe  
  49  6:27  Probe  
  49  6:28  Assimilator  
  49  6:31  Assimilator  
  51  6:37  Pylon  
  51  6:38  Probe  
  51  6:39  Probe  
  53  6:50  Probe  
  53  6:54  Pylon  
  54  6:55  Probe  
  55  7:13  Probe x2  
  57  7:24  High Templar x3  
  57  7:25  Probe, High Templar  
  57  7:29  Gateway x2, Archon x2  
  66  7:34  Pylon  
  66  7:35  Pylon  
  66  7:52  Nexus  
  66  7:54  Pylon  
  66  7:55  Probe  
  66  7:57  Probe, Pylon  
  64  8:06  Immortal (Chrono Boost)  
  64  8:07  Probe  
  64  8:09  Probe  
  64  8:12  Zealot x2  
  72  8:13  Zealot  
  72  8:17  Shield Battery  
  76  8:34  Probe  
  76  8:39  Probe  
  78  8:46  Probe, Robotics Facility  
  79  8:51  Probe  
  79  8:54  Zealot  
  79  8:55  Zealot x5  
  92  9:09  Forge  
  92  9:19  Zealot x5  
  102  9:26  Probe x2  
  102  9:28  Shield Battery  
  104  9:34  Shield Battery  
  104  9:46  Immortal (Chrono Boost)  
  104  9:48  Probe x2, Protoss Ground Weapons Level 1 (Chrono Boost)  
  104  9:49  Probe  
  105  9:54  Assimilator  
  105  9:55  Assimilator  
  105  9:57  High Templar x4  
  105  9:58  High Templar x2  
  117  10:02  Archon x3  
  117  10:04  Pylon  
  117  10:06  Pylon  
  117  10:22  Probe  
  117  10:23  Immortal (Chrono Boost)  
  117  10:28  Immortal (Chrono Boost)  
  124  10:31  Zealot x4  
  132  10:38  Shield Battery  
  128  10:52  Sentry x2  
  128  10:55  Pylon  
  128  10:56  Pylon  
  132  11:13  Pylon  
  132  11:15  Pylon  
  132  11:16  Zealot x6  
  132  11:17  Probe  
  147  11:20  Immortal (Chrono Boost)  
  147  11:31  Immortal (Chrono Boost)  
  151  11:40  Sentry x3  
  151  11:41  Sentry x3  
  127  12:04  Zealot x6  
  127  12:07  Probe  
Show
View Real Time Build Order
Export as new Build Order

starkiller Zerg 

Build Orders: 3 Hatch before Pool 

Get SALT Encoding   

  12  0:01  Drone  
  13  0:08  Drone  
  14  0:14  Extractor  
  14  0:15  Drone  
  15  0:21  Overlord  
  15  0:40  Drone x2  
  17  0:55  Hatchery  
  16  0:57  Drone  
  16  1:01  Drone  
  18  1:26  Hatchery, Drone  
  18  1:27  Extractor  
  17  1:43  Spawning Pool  
  17  1:46  Drone  
  17  1:50  Drone  
  17  1:52  Drone  
  19  1:57  Drone  
  20  2:05  Evolution Chamber  
  20  2:13  Overlord  
  21  2:30  Metabolic Boost  
  21  2:31  Queen  
  21  2:34  Hatchery  
  22  2:37  Queen  
  22  2:41  Zergling x2  
  22  2:43  Zergling x2  
  26  2:46  Zergling x2  
  27  2:53  Evolution Chamber  
  27  2:55  Zergling x2  
  27  2:59  Zergling x2  
  27  3:04  Zergling x2  
  28  3:12  Zergling x2  
  28  3:15  Zergling x2  
  28  3:16  Zergling x2  
  30  3:24  Drone x2  
  32  3:32  Drone  
  32  3:35  Drone x2  
  30  3:58  Drone x6  
  36  4:04  Overlord  
  36  4:18  Zerg Melee Weapons Level 1  
  36  4:29  Hatchery  
  35  4:37  Spore Crawler  
  31  4:39  Spore Crawler  
  31  4:45  Drone x2  
  30  4:56  Drone  
  30  4:58  Drone  
  31  5:06  Drone x2  
  31  5:09  Drone  
  31  5:12  Drone  
  32  5:16  Drone  
  32  5:19  Drone  
  34  5:22  Drone  
  34  5:26  Drone  
  36  5:29  Drone  
  36  5:33  Drone  
  36  5:34  Drone  
  39  5:38  Overlord  
  39  5:42  Drone  
  40  5:48  Zergling x6  
  41  5:51  Zergling x2  
  39  5:59  Drone  
  37  6:08  Drone x3  
  37  6:18  Drone  
  38  6:20  Drone  
  38  6:24  Drone  
  40  6:27  Drone  
  40  6:28  Spore Crawler  
  40  6:29  Drone  
  40  6:31  Drone  
  42  6:34  Drone  
  42  6:35  Drone  
  44  6:44  Drone x4  
  47  6:47  Drone  
  48  6:54  Roach Warren, Drone  
  48  6:56  Overlord  
  48  7:00  Overlord  
  48  7:02  Drone  
  48  7:05  Overlord  
  49  7:11  Extractor  
  49  7:12  Extractor  
  49  7:13  Overlord  
  49  7:14  Drone  
  48  7:18  Queen  
  50  7:23  Drone x2  
  50  7:24  Drone x2  
  50  7:25  Drone  
  50  7:29  Overlord  
  55  7:32  Zerg Missile Weapons Level 1  
  55  7:35  Overlord  
  55  7:42  Roach x3  
  63  7:44  Roach  
  63  7:47  Zergling x4  
  61  7:58  Zergling x6  
  61  7:59  Zergling x2  
  60  8:09  Drone x2  
  63  8:12  Ravager  
  63  8:16  Ravager  
  63  8:19  Zergling x12  
  70  8:21  Zergling x4  
  70  8:26  Zergling x10  
  76  8:46  Zergling x8  
  80  8:49  Zergling x8  
  84  8:56  Ravager x2  
  84  8:58  Overlord x2  
  84  8:59  Overlord  
  86  9:07  Overlord  
  86  9:09  Overlord  
  86  9:11  Overlord  
  86  9:23  Zergling x2  
  86  9:24  Zergling x2  
  88  9:25  Roach x2  
  88  9:26  Baneling Nest, Roach x3  
  88  9:27  Zergling x2  
  96  9:32  Queen  
  97  9:39  Zergling x2  
  98  9:51  Drone x2  
  98  9:52  Drone  
  93  9:53  Drone x3  
  96  10:00  Ravager  
  96  10:01  Ravager x3  
  96  10:03  Zergling x10  
  105  10:11  Zergling x2  
  105  10:13  Baneling  
  105  10:14  Baneling x3  
  106  10:15  Baneling  
  106  10:16  Zergling x8  
  106  10:19  Zergling x2  
  111  10:22  Zergling x2  
  111  10:28  Zergling x4  
  113  10:31  Zergling x4  
  113  10:37  Zergling x4  
  113  10:41  Zergling x4  
  111  10:43  Baneling x2  
  111  10:44  Baneling x3  
  111  10:49  Zergling x2  
  110  10:50  Zergling x4  
  110  10:52  Ravager  
  109  10:58  Zergling x2  
  106  11:09  Zergling x6  
  106  11:11  Zergling x2  
  110  11:15  Zergling x2  
  111  11:21  Zergling x2  
  111  11:24  Zergling x4  
  110  11:26  Baneling x8  
  110  11:38  Zergling x2  
  110  11:39  Zergling x2  
  81  11:58  Zergling x8  
Tags
 
Add a new tag
Caveats
  • Supply blocks, unpowered buildings, or Contaminate may cause inaccurate times.
  • Supply counts are checked every 10 seconds.